 Dungeon Crawl Stone Soup version 0.32-a0-921-g04a7ad8e02 (webtiles) character file.

Game seed: 7780339421840652829

30768 dunno567 the Severer (level 13, -1/125 HPs)
             Began as a Mountain Dwarf Berserker on Apr 11, 2024.
             Was a High Priest of Trog.
             Slain by a vault guard simulacrum (37 damage)
             ... on level 13 of the Dungeon.
             The game lasted 00:31:27 (11922 turns).

dunno567 the Severer (Mountain Dwarf Berserker)    Turns: 11922, Time: 00:31:28

Health: -1/125     AC: 26    Str: 26    XL:     13   Next: 22%
Magic:  13/13      EV:  7    Int:  7    God:    Trog [*****.]
Gold:   697        SH:  5    Dex:  9    Spells: 12/12 levels left

rFire   + . .        F - +1 executioner's axe (freeze)
rCold   . . .        (shield currently unavailable)
rNeg    + . .        i - +0 plate armour
rPois   .            k - +0 helmet
rElec   .            x - +2 cloak
rCorr   .            D - +0 pair of gloves
SInv    .            j - +0 pair of boots
Will    +++..        p - amulet "Ymiplono" {Reflect rF+ rN+ Will+ SH+5} Stlth
                     e - +4 ring of protection
HPRegen 0.40/turn    f - ring of willpower
MPRegen 0.13/turn

%: reflection
@: on berserk cooldown, slowed, very slow
A: runic magic, artefact enchanting
a: Renounce Religion, Berserk, Trog's Hand, Brothers in Arms


You were on level 13 of the Dungeon.
You worshipped Trog.
Trog was extremely pleased with you.
You visited 1 branch of the dungeon, and saw 13 of its levels.

You collected 1591 gold pieces.
You spent 894 gold pieces at shops.

Inventory:

Hand Weapons
 n - a +4 war axe of freezing
 C - a +4 heavy hand axe
 F - a +1 executioner's axe of freezing (weapon)
Armour
 i - a +0 plate armour (worn)
 j - a +0 pair of boots (worn)
 k - a +0 helmet (worn)
 x - a +2 cloak (worn)
 D - a +0 pair of gloves (worn)
Jewellery
 e - a +4 ring of protection (left hand)
 f - a ring of willpower (right hand)
 p - the amulet "Ymiplono" (around neck) {Reflect rF+ rN+ Will+ SH+5}
   (You acquired it on level 6 of the Dungeon)

   [amulet of reflection]

   Reflect:   It reflects blocked missile attacks.
   rF+:       It protects you from fire.
   rN+:       It protects you from negative energy.
   Will+:     It increases your willpower.
   SH+5:      It affects your SH (+5).
 t - a ring of protection from fire
 y - a +6 ring of dexterity
 L - a ring of protection from fire
Wands
 d - a wand of flame (40)
 l - a wand of polymorph (1)
 q - a wand of digging (8)
 r - a wand of roots (21)
 E - a wand of mindburst (9)
 H - a wand of paralysis (3)
Scrolls
 a - a scroll of vulnerability
 h - 7 scrolls of enchant weapon
 o - 3 scrolls of teleportation
 s - 3 scrolls of blinking
 u - 2 scrolls of poison
 w - a scroll of noise
 B - a scroll of torment
 K - a scroll of fear
 M - a scroll of enchant armour {unknown}
Potions
 b - 2 potions of haste
 c - 6 potions of ambrosia
 g - a potion of attraction
 m - 8 potions of curing
 v - a potion of mutation
 z - 2 potions of might
 A - 3 potions of brilliance
 G - a potion of cancellation {unknown}
 I - a potion of berserk rage {unknown}
 J - a potion of magic {unknown}
 N - a potion of heal wounds


   Skills:
 * Level 14.8 Fighting
 * Level 18.5 Axes
 + Level 10.4 Armour
 - Level 1.6 Dodging
 - Level 0.4 Shields
 + Level 10.0 Evocations


You had 12 spell levels left.
You didn't know any spells.
Your spell library was empty.

Dungeon Overview and Level Annotations

Branches:
Dungeon (13/15)            Temple (0/1) D:5            Lair (0/5) D:8
    Orc (0/2) D:10         Vaults (0/5) D:13

Altars:
Ashenzari
Dithmenos
Elyvilon
Makhleb
Nemelex Xobeh
Ru
Sif Muna
Trog
Uskayaw
Xom
Zin

Shops:
D:6 ?   D:10 (   D:13 :

Annotations:
D:4 2 transporters
D:13 1 transporter


Innate Abilities, Weirdness & Mutations

Your spellcasting is much less encumbered by armour.
You can use scrolls of enchantment on lesser artefacts.


Message History

You barely miss the vault guard.
The vault guard is almost dead.
You slash the vault guard simulacrum! You slice the human!!
You freeze the human.
You kill the human!
Trog accepts your kill.
A freezing mist starts to gather...
A human simulacrum comes into view.
The vault guard hits you but does no damage.
The vault guard simulacrum closely misses you.
You block the vault guard's attack.
You closely miss the vault guard.
The vault guard is almost dead.
You slice the human simulacrum!!
The human simulacrum vaporises!
You slash the vault guard simulacrum!
The vault guard hits you with a +0 dire flail!
You block the vault guard simulacrum's attack.
You hit the vault guard. You freeze the vault guard.
The vault guard is almost dead.
You closely miss the vault guard simulacrum.
The vault guard barely misses you.
The vault guard simulacrum closely misses you.
The vault guard hits you with a +0 dire flail!
You slice the vault guard!! You freeze the vault guard.
You kill the vault guard!
Trog accepts your kill. Trog grants you a weapon!
Something appears at your feet!
You see here a +5 hand axe of flaming.
You slice the vault guard simulacrum!!
The vault guard simulacrum vaporises!
A freezing mist starts to gather...
A vault guard simulacrum comes into view.
Your Evocations skill increases to level 10!
You slice the vault guard simulacrum!!
The vault guard simulacrum is severely damaged.
The vault guard simulacrum hits you!
* * * LOW HITPOINT WARNING * * *
The vault guard simulacrum freezes you!!!
You die...

#)....#.....#.#
#.....'.....#.#
#..⌠..††.⌠..#.#
#....)'(...)#.#
#.....#....[#.#
##')'########.#
#†††..#....[#.#
#.....)....$#
#..⌠.@'..∩..#
#...°Z)....[#
#.)...#...?[#
#############


You could see a vault guard simulacrum.

Vanquished Creatures
  Snorg (D:11)
  4 vault guards (D:13)
  Erolcha (D:11)
  5 two-headed ogres
  A catoblepas (D:13)
  2 boulder beetles
  Pikel (D:4)
  3 necromancers (D:13)
  2 deep elf pyromancers
  4 cyclopes
  Maurice (D:7)
  An ugly thing (D:13)
  2 rust devils (D:10)
  An unseen horror (D:12)
  Jeremiah (D:8)
  A gargoyle (D:11)
  3 kobold demonologists (D:13)
  A komodo dragon (D:11)
  Psyche (D:11)
  A queen bee (D:9)
  2 red devils (D:10)
  2 trolls
  Prince Ribbit (D:7)
  Grinder (D:3)
  A raiju (shapeshifter) (D:13)
  8 slime creatures (D:12)
  An air elemental (D:12)
  2 shadows
  A ynoxinul (D:10)
  2 vampires
  3 wraiths
  10 yaks
  17 humans (D:13)
  A fire elemental (D:12)
  3 vampire mosquitoes (D:12)
  2 steam dragons
  2 water moccasins
  5 orc warriors
  A sky beast (D:4)
  A black bear (D:11)
  An ice beast (D:5)
  An ogre (D:7)
  2 lemures (D:4)
  A centaur (D:11)
  A phantom (D:4)
  4 kobold brigands
  A bullfrog (D:7)
  An earth elemental (D:12)
  A gnoll sergeant (D:10)
  3 scorpions
  21 wights
  29 killer bees
  5 howler monkeys
  A crimson imp (D:10)
  A quasit (D:10)
  A bombardier beetle (D:4)
  3 hounds
  A jelly (D:7)
  A gnoll bouda (D:9)
  4 orc priests
  Ijyb (D:3)
  9 iguanas
  Natasha (D:3)
  11 orc wizards
  Robin (D:4)
  6 adders
  9 gnolls
  2 shadow imps
  3 white imps
  A dart slug (D:4)
  A ribbon worm (D:4)
  44 orcs
  6 endoplasms
  A giant cockroach (D:4)
  15 goblins
  7 hobgoblins
  24 kobolds
  A quokka (D:2)
  8 ball pythons
  2 frilled lizards (D:1)
  A rat (D:1)
340 creatures vanquished.

Vanquished Creatures (others)
  A water elemental (D:12)
  An orc wizard (D:10)
  2 orcs (D:10)
4 creatures vanquished.

Grand Total: 344 creatures vanquished

Notes
Turn   | Place    | Note
-------+----------+-------------------------------------------
     0 | D:1      | dunno567 the Mountain Dwarf Berserker began the quest for
                  | the Orb.
     0 | D:1      | Reached XP level 1. HP: 19/19 MP: 1/1
   375 | D:1      | Reached XP level 2. HP: 13/26 MP: 2/2
  1132 | D:2      | Reached skill level 4 in Axes
  1132 | D:2      | Reached XP level 3. HP: 33/33 MP: 3/3
  1671 | D:2      | Found a faded altar of an unknown god.
  1725 | D:3      | Reached skill level 1 in Evocations
  1770 | D:3      | Noticed Ijyb
  1782 | D:3      | Killed Ijyb
  1783 | D:3      | Reached XP level 4. HP: 33/40 MP: 4/4
  2266 | D:3      | Noticed Grinder
  2269 | D:3      | Noticed Natasha
  2275 | D:3      | Killed Grinder
  2276 | D:3      | Reached skill level 5 in Fighting
  2276 | D:3      | Reached skill level 5 in Axes
  2276 | D:3      | Reached XP level 5. HP: 48/48 MP: 5/5
  2276 | D:3      | Reached XP level 6. HP: 56/56 MP: 6/6
  2281 | D:3      | Killed Natasha
  2286 | D:3      | Noticed Natasha
  2287 | D:3      | Natasha changed into Natasha the killer bee
  2287 | D:3      | Noticed Natasha
  2311 | D:3      | Killed Natasha the killer bee
  2518 | D:3      | Reached ** piety under Trog
  2590 | D:4      | Noticed Robin
  2618 | D:4      | Killed Robin
  2641 | D:4      | Found a transporter.
  2724 | D:4      | Reached skill level 6 in Axes
  2731 | D:4      | Found a transporter.
  3068 | D:4      | Reached XP level 7. HP: 62/62 MP: 7/7
  3095 | D:4      | Noticed Pikel
  3103 | D:4      | Killed Pikel
  3104 | D:4      | Reached skill level 7 in Axes
  3104 | D:4      | Reached XP level 8. HP: 71/71 MP: 8/8
  3347 | D:4      | Reached *** piety under Trog
  3505 | D:5      | Entered Level 5 of the Dungeon
  3597 | D:5      | Reached skill level 8 in Axes
  3597 | D:5      | Reached skill level 5 in Armour
  3884 | D:5      | Found a staircase to the Ecumenical Temple.
  4115 | D:6      | Found a white marble altar of Elyvilon.
  4204 | D:6      | Found Buth's Magic Scroll Emporium.
  4220 | D:6      | Bought a scroll of identify for 24 gold pieces
  4220 | D:6      | Bought a scroll of identify for 24 gold pieces
  4220 | D:6      | Bought 2 scrolls of identify for 48 gold pieces
  4220 | D:6      | Bought a scroll of identify for 24 gold pieces
  4220 | D:6      | Bought a scroll of identify for 24 gold pieces
  4221 | D:6      | Identified 2 scrolls of acquirement
  4225 | D:6      | Acquired 625 gold pieces
  4229 | D:6      | Bought a scroll of acquirement for 624 gold pieces
  4231 | D:6      | Acquired a manual of Axes
  4237 | D:6      | Acquired the amulet "Ymiplono" {Reflect rF+ rN+ Will+ SH+5}
  4307 | D:6      | Reached skill level 9 in Axes
  4358 | D:6      | Found a shimmering blue altar of Sif Muna.
  4463 | D:6      | Found a sacrificial altar of Ru.
  4463 | D:6      | Found a bloodstained altar of Trog.
  4570 | D:6      | Bought a scroll of blinking for 90 gold pieces
  4570 | D:6      | Bought a scroll of teleportation for 36 gold pieces
  4727 | D:7      | Reached XP level 9. HP: 81/81 MP: 9/9
  4770 | D:7      | Noticed Prince Ribbit
  4779 | D:7      | Killed Prince Ribbit
  4780 | D:7      | Noticed Maurice
  4792 | D:7      | Reached skill level 5 in Evocations
  4795 | D:7      | Killed Maurice
  4796 | D:7      | Reached skill level 10 in Axes
  5164 | D:7      | Found a broken altar of Ashenzari.
  5370 | D:8      | Noticed a two-headed ogre
  5376 | D:8      | Killed a two-headed ogre
  5377 | D:8      | Reached skill level 11 in Axes
  5461 | D:8      | Noticed Jeremiah
  5556 | D:8      | Killed Jeremiah
  5557 | D:8      | Reached skill level 12 in Axes
  5557 | D:8      | Reached XP level 10. HP: 92/93 MP: 10/10
  5627 | D:8      | Found a staircase to the Lair.
  5740 | D:8      | Reached skill level 10 in Fighting
  6077 | D:8      | Found a sparkling altar of Nemelex Xobeh.
  6138 | D:8      | Reached **** piety under Trog
  6298 | D:9      | Found a glowing silver altar of Zin.
  6346 | D:9      | Reached skill level 13 in Axes
  6610 | D:9      | Reached skill level 14 in Axes
  6779 | D:9      | Reached ***** piety under Trog
  7060 | D:9      | Found a hide-covered altar of Uskayaw.
  7069 | D:9      | Reached XP level 11. HP: 102/102 MP: 11/11
  7171 | D:9      | Reached skill level 15 in Axes
  7300 | D:10     | Entered Level 10 of the Dungeon
  7457 | D:10     | Found a shimmering altar of Xom.
  7458 | D:10     | Found a burning altar of Makhleb.
  7540 | D:10     | Found a shadowy altar of Dithmenos.
  7651 | D:10     | Found a staircase to the Orcish Mines.
  7813 | D:10     | Found Xidoy's Antique Weapon Emporium.
  8043 | D:10     | Received a gift from Trog
  8047 | D:10     | Reached skill level 16 in Axes
  8222 | D:11     | Noticed a two-headed ogre
  8223 | D:11     | Noticed Psyche
  8231 | D:11     | Killed Psyche
  8237 | D:11     | Killed a two-headed ogre
  8483 | D:11     | Noticed Sonja
  8484 | D:11     | Sonja changed into Sonja the black bear
  8484 | D:11     | Noticed Sonja
  8490 | D:11     | Killed Sonja the black bear
  8653 | D:11     | Noticed a two-headed ogre
  8661 | D:11     | Killed a two-headed ogre
  8748 | D:11     | Noticed Snorg
  8761 | D:11     | Killed Snorg
  8813 | D:11     | Acquired a +1 executioner's axe of distortion
  8824 | D:11     | Noticed Erolcha
  8831 | D:11     | Killed Erolcha
  9107 | D:11     | Noticed a boulder beetle
  9114 | D:11     | Killed a boulder beetle
  9115 | D:11     | Reached skill level 17 in Axes
  9115 | D:11     | Reached XP level 12. HP: 115/115 MP: 12/12
  9466 | D:12     | Noticed a two-headed ogre
  9470 | D:12     | Killed a two-headed ogre
  9538 | D:12     | Noticed a boulder beetle
  9553 | D:12     | Killed a boulder beetle
 10127 | D:12     | Noticed a two-headed ogre
 10134 | D:12     | Killed a two-headed ogre
 10521 | D:12     | Found a large runed translucent door.
 10521 | D:12     | Found a large runed translucent door.
 10859 | D:12     | Paralysed by an air elemental for 1 turns
 10863 | D:12     | Paralysed by an air elemental for 1 turns
 11067 | D:13     | Noticed a catoblepas
 11079 | D:13     | Killed a catoblepas
 11390 | D:13     | Reached skill level 18 in Axes
 11395 | D:13     | Reached skill level 10 in Armour
 11446 | D:13     | Found a transporter.
 11484 | D:13     | Found Miec's Book Shoppe.
 11484 | D:13     | Noticed a walking divine tome
 11484 | D:13     | Noticed a walking crystal tome
 11873 | D:13     | Reached XP level 13. HP: 125/125 MP: 13/13
 11901 | D:13     | Found a gate to the Vaults.
 11921 | D:13     | Received a gift from Trog
 11922 | D:13     | Reached skill level 10 in Evocations
 11922 | D:13     | Slain by a vault guard simulacrum

Illustrated notes

Levels and vault maps discovered:
D:1:      evilmike_arrival_rings, layout_rooms, serial_forest,
          infiniplex_forest_side_room, infiniplex_forest_clump_tiny,
          infiniplex_forest_clump_medium, infiniplex_forest_straight_2,
          infiniplex_forest_straight_2, infiniplex_forest_end_2,
          infiniplex_forest_zigzag_2, infiniplex_forest_clump_tiny
D:2:      minmay_skewed_foursquare, layout_basic,
          shapermc_ecumenical_altar_pompeii
D:3:      layout_basic, uniq_grinder, uniq_natasha, uniq_ijyb
D:4:      gammafunk_steamed_eel, layout_basic, uniq_robin, uniq_pikel
D:5:      layout_rooms, minmay_temple_entry_gardened_gates
D:6:      layout_rooms, overflow_temple_1_default,
          lemuel_coloured_pillars_altar, mainiacjoe_overflow_divided_tiny,
          serial_shops, shop
D:7:      layout_basic, kennysheep_mini_moat, minmay_holes,
          kennysheep_decorative_pillar, serial_bayou_crossing, uniq_maurice,
          uniq_prince_ribbit1
D:8:      layout_cave_pools, nemelex_xobeh_ov_fountains_minmay,
          minmay_misc_feat_cross, uniq_jeremiah
D:9:      layout_rooms, zin_academy, eat_drink_and_be_merry_uskayaw,
          grunt_ministairs_11, minivault_7
D:10:     layout_roguey, grunt_temple_overflow_champion_of_chaos,
          mainiacjoe_overflow_alcove_1, orc_david_3, serial_shops,
          nicolae_diamond_shop, serial_demonic, serial_demonic_b,
          serial_demonic_f, serial_demonic_b, serial_demonic_g,
          serial_demonic_f, serial_demonic_c
D:11:     minmay_angry_zag, layout_gridville, uniq_psyche, uniq_snorg,
          uniq_erolcha, uniq_sonja
D:12:     layout_roguey, lightli_elemental_guards
D:13:     layout_loops_ring, grunt_vaults_entry_tiered, serial_shops,
          nicolae_shop_mannequins, nicolae_diode_basic

Skill      XL: |  1  2  3  4  5  6  7  8  9 10 11 12 13 |
---------------+----------------------------------------+-----
Axes           | 4 5 6 7 9 12 14 17 18 | 18.5
Fighting       | 4 5 6 8 9 11 13 14 | 14.8
Evocations     | 1 2 3 4 6 7 8 9 10 | 10.0
Armour         | 3 4 5 6 7 9 10 | 10.4
Dodging        | |  1.6
Shields        | |  0.4

Action                     |  1- 3 |  4- 6 |  7- 9 | 10-12 | 13-15 || total
---------------------------+-------+-------+-------+-------+-------++-------
  Melee: Hand axe          |   100 |   109 |       |       |       ||   209
         War axe           |       |    25 |   155 |   339 |       ||   519
         Executioner's axe |       |       |       |   198 |    27 ||   225
 Invoke: Berserk           |     1 |     1 |     3 |     5 |     1 ||    11
         Trog's Hand       |       |       |     1 |       |       ||     1
  Evoke: Wand              |       |     1 |     6 |     3 |       ||    10
    Use: Scroll            |     1 |     1 |     8 |    12 |       ||    22
         Potion            |       |     5 |       |       |       ||     5
   Stab: Sleeping          |     1 |       |       |       |       ||     1
         Paralysed         |       |       |       |     6 |       ||     6
 Armour: Animal skin       |    26 |       |       |       |       ||    26
         Ring mail         |     5 |       |       |       |       ||     5
         Plate armour      |    20 |   161 |   147 |   527 |    27 ||   882
  Dodge: Dodged            |    50 |    32 |    28 |   144 |     4 ||   258
  Block: Other             |       |       |    10 |   108 |     6 ||   124
         Reflection        |       |       |       |     3 |       ||     3

Table legend: (Time is in decaauts)
 A = Elapsed time spent in this place.
 B = Non-inter-level travel time spent in this place.
 C = Inter-level travel time spent in this place.
 D = Time resting spent in this place.
 E = Time spent auto-exploring this place.
 F = Levels seen in this place.
 G = Mean time per level.
                   A        B        C        D        E       F      G
               +--------+--------+--------+--------+--------+-----+--------+
         Total |  11960 |  11518 |    442 |    253 |   9206 |  13 |  920.0 |
       Dungeon |  11960 |  11518 |    442 |    253 |   9206 |  13 |  920.0 |
               +--------+--------+--------+--------+--------+-----+--------+

Top non-repeatable levels by time:
    D:12: 1535 daAuts
    D:11: 1283 daAuts
     D:9: 1006 daAuts
     D:2: 989 daAuts
     D:4: 969 daAuts
    D:13: 930 daAuts
    D:10: 873 daAuts
     D:1: 839 daAuts
     D:7: 818 daAuts
     D:8: 757 daAuts
     D:3: 735 daAuts
     D:5: 613 daAuts
     D:6: 608 daAuts
